 Dungeon Crawl Stone Soup version 0.23-a0-860-g8ff03fb (webtiles) character file.

19605 tatocazan the Carver (level 12, 0/110 HPs)
             Began as a Minotaur Fighter on Jan 27, 2019.
             Was a High Priest of the Shining One.
             Slain by an entropy weaver (4 damage)
             ... in a Gauntlet.
             The game lasted 00:19:30 (14261 turns).

tatocazan the Carver (Minotaur Fighter)            Turns: 14261, Time: 00:19:31

Health: 0/110      AC:  8    Str: 22    XL:     12   Next: 38%
Magic:  16/17      EV:  3    Int:  7    God:    the Shining One [*****.]
Gold:   698        SH:  0    Dex: 12    Spells: 11/11 levels left

rFire    . . .     SeeInvis .   H - +2 scimitar (flame)
rCold    + . .     Gourm    .   c - +0 shield
rNeg     + + .     Faith    .   O - +0 plate armour
rPois    .         Spirit   .   (helmet restricted)
rElec    .         Reflect  .   B - +0 cloak
rCorr    .         Harm     .   P - +2 pair of gloves
MR       .....     NoTele   +   (no boots)
Stlth    ..........             D - amulet of regeneration
HPRegen  0.68/turn              C - ring of protection from cold
MPRegen  0.15/turn              (no ring)

@: divine shield, corroded, held, glowing
A: retaliatory headbutt, horns 2
a: Divine Shield, Cleansing Flame, Summon Divine Warrior, Renounce Religion


You were in a Gauntlet.
You worshipped the Shining One.
The Shining One was extremely pleased with you.
You were not hungry.

You visited 3 branches of the dungeon, and saw 13 of its levels.
You also visited: Sewer and Gauntlet.

You collected 698 gold pieces.

Inventory:

Hand Weapons
 v - the +0 short sword "Qanaov" {pierce, rElec}
   (You found it on level 9 of the Dungeon)

   It inflicts extra damage upon your enemies.
   It insulates you from electricity.
 H - a +2 scimitar of flaming (weapon)
 N - a +1 hand crossbow of flaming
Missiles
 E - 43 sling bullets
Armour
 c - a +0 shield (worn)
 B - a +0 cloak (worn)
 L - a +0 pair of gloves
 O - a +0 plate armour (worn)
 P - a +2 pair of gloves (worn)
 Q - a +0 pair of boots
Jewellery
 a - an uncursed ring of wizardry
 u - an uncursed amulet of guardian spirit
 C - a ring of protection from cold (left hand)
 D - an amulet of regeneration (around neck)
Wands
 A - a wand of digging (8)
 J - a wand of acid (9)
 K - a wand of enslavement (10)
Scrolls
 b - a scroll of enchant armour {unknown}
 i - a scroll of random uselessness {unknown}
 k - 4 scrolls of noise
 l - 3 scrolls of blinking {unknown}
 m - 5 scrolls of remove curse
 s - 4 scrolls of amnesia
 t - 3 scrolls of teleportation
 w - 5 scrolls of magic mapping
 x - a scroll of fog {unknown}
 y - 2 scrolls of fear {unknown}
 M - 2 scrolls of identify
Potions
 d - 5 potions of might
 e - 2 potions of agility
 g - 4 potions of curing
 h - 2 potions of haste
 j - a potion of mutation {unknown}
 n - 5 potions of flight
 o - 5 potions of heal wounds
 p - 3 potions of brilliance
 q - a potion of cancellation {unknown}
 r - 7 potions of lignification
 z - a potion of magic {unknown}
 G - a potion of degeneration {unknown}
 I - a potion of resistance
Comestibles
 f - 20 rations


   Skills:
 + Level 11.2 Fighting
 + Level 13.2 Long Blades
 + Level 11.1 Armour
 + Level 11.2 Shields
 * Level 8.2 Invocations


You had 11 spell levels left.
You didn't know any spells.
Your spell library contained the following spells:

 Spells                   Type           Power        Failure   Level  Hunger
 Infusion                 Chrm           #...         100%        1    ##.....
 Sandblast                Erth           #.....       100%        1    ##.....
 Passwall                 Tmut/Erth      #.......     100%        2    ###....
 Shroud of Golubria       Chrm/Tloc      #.........   100%        2    ###....
 Song of Slaying          Chrm           #.......     100%        2    ###....
 Swiftness                Chrm/Air       #.......     100%        2    ###....
 Ignite Poison            Fire/Tmut/Pois #.......     100%        3    ####...
 Ozocubu's Armour         Chrm/Ice       #.......     100%        3    ####...
 Regeneration             Chrm/Necr      #.........   100%        3    ####...
 Spectral Weapon          Hex/Chrm       #.......     100%        3    ####...
 Stone Arrow              Conj/Erth      #.....       100%        3    ####...
 Ice Form                 Ice/Tmut       #.......     100%        4    #####..
 Petrify                  Tmut/Erth      #.......     100%        4    #####..
 Blade Hands              Tmut           #.........   100%        5    ######.
 Iskenderun's Battlesphe  Conj/Chrm      #.......     100%        5    ######.
 Lee's Rapid Deconstruct  Erth           #.........   100%        5    ######.
 Ring of Flames           Chrm/Fire      #.........   100%        7    #######


Dungeon Overview and Level Annotations

Branches:
Dungeon (10/15)            Temple (1/1) D:5            Lair (2/6) D:10
    Orc (0/2) D:9
  Swamp: Lair:2-4    Shoals: Lair:2-4     Snake: Lair:2-4    Spider: Lair:2-4

Altars:
Cheibriados
Dithmenos
Elyvilon
Fedhas
Gozag
Hepliaklqana
Kikubaaqudgha
Makhleb
Nemelex Xobeh
Okawaru
Qazlal
Sif Muna
Trog
Uskayaw
Vehumet
Wu Jian
Xom
Yredelemnul
Zin
The Shining One

Annotations:
D:2 exclusion: downstairs
D:3 exclusion: downstairs Gauntlet 11 transporters, 5 runed translucent doors, exclusion: lightning spire


Innate Abilities, Weirdness & Mutations

You reflexively headbutt those who attack you in melee.
You have a pair of horns on your head.


Message History

You are caught in a web!
The jumping spider bites you but does no damage.
The entropy weaver hits you.
* * * LOW HITPOINT WARNING * * *
The entropy weaver hits you but does no damage.
The entropy weaver hits you.
* * * LOW HITPOINT WARNING * * *
The entropy weaver hits you.
* * * LOW HITPOINT WARNING * * *
You regained 2 hp, and now have 14/110 hp.
You struggle to detach yourself from the web.
The jumping spider pounces on you!
* * * LOW HITPOINT WARNING * * *
The jumping spider bites you but does no damage.
The entropy weaver casts a spell.
The entropic weave corrodes you! The jumping spider pounces on you.
The Shining One protects you from harm!
The jumping spider bites you but does no damage.
The entropy weaver hits you.
You die...

# ############≈#≈#≈#≈#≈
≈#§#§#≈#§#≈#≈#..........
.§§.§...§§.......∩..8..∩
§8.§...8.....8......©...
..§....©.......#########
..§#########...##.......
...#......^#...#u#.....#
...#.#####.#...#u.#...#.
...#.+.@s'.#...#...#©#..
.8.#.#a©.#.#.8.#....#...
...#.#≈≈≈#.#...#...#.#..
...#.#####.#...#..#...#.
...#^.?©[|.#...#.#.....#
...#########...##..?©G=u
.....#.©.#.....#########
.8...#.8.#...8....#.©.#.
....#.©.#........#...#.


You could see an entropy weaver and a jumping spider.

Vanquished Creatures
  A hydra (Lair:1)
  An unseen horror (D:10)
  A wolf spider (Gauntlet)
  2 ugly things
  A cyclops (D:10)
  An elephant (shapeshifter) (D:10)
  Joseph (D:7)
  4 spiny frogs
  A rime drake (shapeshifter) (D:9)
  An efreet (D:9)
  2 komodo dragons (Lair:1)
  A merfolk (D:10)
  A meliai (D:10)
  2 trolls
  Grinder (D:5)
  3 blink frogs (Lair:1)
  3 hippogriffs
  A slime creature (D:10)
  Sigmund (D:4)
  A shadow (D:10)
  2 vampires
  A redback (Gauntlet)
  18 yaks
  A wraith (D:9)
  A wyvern (D:10)
  A hungry ghost (D:10)
  A vampire mosquito (D:10)
  3 wargs (D:10)
  Menkaure (D:6)
  9 orc warriors
  An ice beast (D:9)
  A porcupine (Lair:1)
  2 phantoms (D:4)
  An eye of draining (D:9)
  6 sky beasts
  A necrophage (D:6)
  12 ogres
  6 centaurs
  A big kobold (Sewer)
  A crocodile (Lair:1)
  6 bullfrogs
  3 scorpions
  9 killer bees
  12 wights
  An electric eel (Lair:1)
  A howler monkey (D:5)
  6 crimson imps
  A bullfrog zombie (D:5)
  7 hounds
  2 centaur skeletons
  12 orc wizards
  A jelly (D:9)
  A centaur zombie (D:10)
  9 orc priests
  An iron imp (D:6)
  Crazy Yiuf (D:5)
  5 iguanas
  Natasha (thrice) (D:4)
  6 worker ants
  2 hound zombies
  5 hound skeletons
  A howler monkey zombie (D:9)
  A worker ant zombie (D:5)
  7 gnolls
  12 adders
  A howler monkey skeleton (D:10)
  A river rat (Sewer)
  4 shadow imps
  2 oozes
  2 adder skeletons
  2 worms
  6 dart slugs
  9 leopard geckos
  27 orcs
  6 ball pythons
  8 bats
  4 giant cockroaches
  7 goblins
  7 hobgoblins
  21 jackals
  3 quokkas
  3 frilled lizards
  A jackal skeleton (D:6)
  13 kobolds
  A leopard gecko skeleton (D:4)
  A quokka zombie (D:6)
  13 rats
357 creatures vanquished.

Vanquished Creatures (others)
  A tengu conjurer (D:10)
  A yak (D:9)
  4 toadstools (D:1)
6 creatures vanquished.

Grand Total: 363 creatures vanquished

Notes
Turn   | Place    | Note
-------+----------+-------------------------------------------
     0 | D:1      | tatocazan the Minotaur Fighter began the quest for the Orb.
     0 | D:1      | Reached XP level 1. HP: 19/19 MP: 0/0
    94 | D:1      | Reached XP level 2. HP: 22/27 MP: 1/1
   109 | D:1      | Reached skill level 3 in Long Blades
   260 | D:1      | Reached XP level 3. HP: 32/33 MP: 2/2
   648 | D:2      | Reached XP level 4. HP: 36/40 MP: 3/3
   829 | D:2      | Reached skill level 4 in Long Blades
  1272 | D:3      | Noticed an ogre
  1810 | D:3      | Reached XP level 5. HP: 33/47 MP: 4/4
  2409 | D:3      | Found a blossoming altar of Fedhas.
  2409 | D:3      | Found a bloodstained altar of Trog.
  2540 | D:3      | Killed an ogre
  2540 | D:3      | Reached skill level 5 in Long Blades
  2591 | D:3      | Found an ornate altar of the Wu Jian Council.
  2694 | D:4      | Reached XP level 6. HP: 43/55 MP: 5/5
  2931 | D:4      | Reached skill level 5 in Fighting
  2931 | D:4      | Reached skill level 5 in Shields
  2961 | D:4      | Reached skill level 5 in Armour
  3106 | D:4      | Reached skill level 6 in Long Blades
  3106 | D:4      | Reached XP level 7. HP: 28/61 MP: 6/6
  3458 | D:4      | Noticed Natasha
  3461 | D:4      | Killed Natasha
  3642 | D:4      | Noticed Sigmund
  3692 | D:4      | Noticed Natasha
  3701 | D:4      | Killed Natasha
  3930 | D:4      | Noticed Natasha
  3939 | D:4      | Killed Natasha
  4457 | D:4      | Killed Sigmund
  4552 | D:4      | Reached skill level 7 in Long Blades
  4587 | D:5      | Entered Level 5 of the Dungeon
  4634 | D:5      | Found a glowing drain.
  4707 | Sewer    | Entered a sewer
  5402 | D:5      | Reached XP level 8. HP: 69/70 MP: 7/7
  5407 | D:5      | Found a staircase to the Ecumenical Temple.
  5440 | Temple   | Entered the Ecumenical Temple
  5526 | Temple   | Became a worshipper of the Shining One
  5601 | D:5      | Reached skill level 8 in Long Blades
  5961 | D:5      | Found a runed translucent door.
  5962 | D:5      | Noticed Crazy Yiuf
  6185 | D:5      | Noticed a hippogriff
  6193 | D:5      | Killed a hippogriff
  6320 | D:5      | Noticed Grinder
  6330 | D:5      | Killed Grinder
  6330 | D:5      | Reached skill level 9 in Long Blades
  6356 | D:5      | Identified the Volume of Talismans
  6485 | D:5      | Killed Crazy Yiuf
  6703 | D:6      | Reached XP level 9. HP: 74/79 MP: 8/8
  6823 | D:6      | Noticed Menkaure
  6829 | D:6      | Killed Menkaure
  7087 | D:6      | Reached * piety under the Shining One
  7172 | D:6      | Identified the Disquisition on Changing
  7385 | D:6      | Found a snail-covered altar of Cheibriados.
  7671 | D:7      | Reached skill level 10 in Long Blades
  8166 | D:7      | Noticed Joseph
  8184 | D:7      | Killed Joseph
  8184 | D:7      | Reached skill level 11 in Long Blades
  8268 | D:7      | Reached XP level 10. HP: 86/88 MP: 9/9
  8408 | D:7      | Reached ** piety under the Shining One
  9756 | D:8      | Found a hide-covered altar of Uskayaw.
  9756 | D:8      | Found an ancient bone altar of Kikubaaqudgha.
  9794 | D:9      | Reached skill level 1 in Invocations
  9843 | D:9      | Reached *** piety under the Shining One
  9972 | D:8      | Reached skill level 12 in Long Blades
 10480 | D:9      | You fall through a shaft!
 10480 | D:10     | Entered Level 10 of the Dungeon
 10519 | D:9      | Noticed an orb spider
 10521 | D:9      | an orb spider changed into an eye of draining
 10521 | D:9      | Noticed a green ugly thing
 10536 | D:9      | Killed a green ugly thing
 10536 | D:9      | Reached XP level 11. HP: 83/97 MP: 11/13
 10837 | D:9      | Reached **** piety under the Shining One
 11039 | D:9      | Reached skill level 10 in Shields
 11040 | D:9      | Reached skill level 5 in Invocations
 11105 | D:9      | Identified the Collected Works on Aid
 11149 | D:9      | Reached skill level 10 in Fighting
 11175 | D:9      | Found a staircase to the Orcish Mines.
 11618 | D:9      | Got a steaming short sword
 11619 | D:9      | Identified the +0 short sword "Qanaov" {pierce, rElec} (You
                  | found it on level 9 of the Dungeon)
 11661 | D:10     | Reached skill level 10 in Armour
 11731 | D:10     | Noticed a brown ugly thing
 11733 | D:10     | Noticed an unseen horror
 11739 | D:10     | an unseen horror changed into a guardian serpent
 12060 | D:10     | Noticed an unseen horror
 12071 | D:10     | Killed an unseen horror
 12219 | D:10     | Killed a brown ugly thing
 12730 | D:10     | Found a staircase to the Lair.
 13078 | Lair:1   | Entered Level 1 of the Lair of Beasts
 13290 | Lair:1   | Reached XP level 12. HP: 84/106 MP: 16/16
 13416 | Lair:1   | Reached skill level 13 in Long Blades
 13720 | Lair:1   | Noticed a four-headed hydra
 13728 | Lair:1   | Killed a one-headed hydra
 14148 | Lair:2   | Found a gate leading to a gauntlet.
 14152 | Gauntlet | Entered a Gauntlet
 14152 | Gauntlet | Found a transporter.
 14159 | Gauntlet | Found a transporter.
 14159 | Gauntlet | Found a runed translucent door.
 14159 | Gauntlet | Noticed a great orb of eyes
 14161 | Gauntlet | Found a transporter.
 14164 | Gauntlet | Found a transporter.
 14165 | Gauntlet | Found a transporter.
 14167 | Gauntlet | Found a transporter.
 14174 | Gauntlet | Found a runed translucent gate.
 14177 | Gauntlet | Found a transporter.
 14178 | Gauntlet | Found a runed translucent gate.
 14179 | Gauntlet | Found a runed translucent gate.
 14180 | Gauntlet | Found a transporter.
 14201 | Gauntlet | Noticed a great orb of eyes
 14212 | Gauntlet | Found a transporter.
 14214 | Gauntlet | Found a transporter.
 14218 | Gauntlet | Found a transporter.
 14218 | Gauntlet | Noticed an entropy weaver
 14218 | Gauntlet | Reached ***** piety under the Shining One
 14222 | Gauntlet | Found a runed translucent door.
 14222 | Gauntlet | Found a runed translucent door.
 14226 | Gauntlet | Found a transporter.
 14261 | Gauntlet | HP: 4/110 [jumping spider (11)]
 14261 | Gauntlet | The Shining One protects you from harm!
 14261 | Gauntlet | Slain by an entropy weaver

Vault maps used:
D:1:      ldierk_walled_garden_2, minmay_split_cup_small
D:2:      minmay_misc_feat_four_crosses
D:3:      gammafunk_temple_overflow_wave, marbit_many_paths
D:4:      first_ration, uniq_natasha, uniq_sigmund
D:5:      minmay_temple_entry_arrows, portal_sewer_entry_f,
          uniq_crazy_yiuf_cottage, uniq_grinder
D:6:      slow_altar_2, uniq_menkaure
D:7:      serial_aquarium, aquarium_bridge_square, aquarium_bridge_square,
          aquarium_window_1, aquarium_window_corner, aquarium_window_corridor_2,
          aquarium_view_2d, aquarium_view_4, aquarium_balcony_1b, uniq_joseph
D:8:      gammafunk_temple_overflow_elements
D:9:      minmay_the_grid_net
D:10:     erik_lair_orcish_takeover, hangedman_fish_farm, chequers_jeans,
          minivault_28
Temple:   nicolae_temple_elliptical
Lair:1:   lemuel_fruit_fields, serial_bayou_shore_a
Lair:2:   dragon1_lemuel, gauntlet_entry_generic, small_statue_intersection,
          grunt_megastairs_3
Sewer:    sewer_co_15_rooms
Gauntlet: minmay_gauntlet_mixed_oops_all_seconds

Skill      XL: |  1  2  3  4  5  6  7  8  9 10 11 12 |
---------------+-------------------------------------+-----
Long Blades    | 3 4 5 6 7 9 11 12 13 | 13.2
Fighting       | 4 5 6 7 8 9 10 11 | 11.2
Shields        | 4 5 6 7 8 9 10 11 | 11.2
Armour         | 4 5 6 7 8 9 10 11 | 11.1
Invocations    | 4 7 8 |  8.2

Action                   |  1- 3 |  4- 6 |  7- 9 | 10-12 || total
-------------------------+-------+-------+-------+-------++-------
Melee: Long sword        |    67 |   152 |   457 |       ||   676
       Headbutt          |    10 |    22 |    80 |   131 ||   243
       Scimitar          |       |       |       |   560 ||   560
       Short sword       |       |       |       |     7 ||     7
Invok: Divine Shield     |       |       |       |     4 ||     4
       Cleansing Flame   |       |       |       |     2 ||     2
  Use: Potion            |       |       |     1 |     2 ||     3
       Scroll            |       |       |     7 |     8 ||    15
  Eat: Chunk             |       |     6 |    14 |    12 ||    32
       Ration            |       |       |     1 |     3 ||     4
Armor: Scale mail        |    20 |    77 |       |       ||    97
       Chain mail        |       |       |   191 |   146 ||   337
       Plate armour      |       |       |       |    88 ||    88
Dodge: Dodged            |    29 |    31 |    87 |   119 ||   266
Block: Shield            |    33 |    80 |   219 |   401 ||   733
       Rpst.: Long sword |    10 |     9 |    19 |       ||    38
       Scimitar          |       |       |       |    34 ||    34

Table legend:
 A = Non-vault XP
 B = Vault XP
 C = Vault XP percentage of total XP
 D = Non-vault monster count
 E = Vault monster count
 F = Vault count percentage of total count
                 A         B        C        D         E       F
            +---------+---------+-------+---------+---------+-------
      Total |   18568 |    9440 |  33.7 |     275 |      83 |  23.2
            +---------+---------+-------+---------+---------+-------
        D:1 |      58 |       5 |   7.9 |      25 |       3 |  10.7
        D:2 |      94 |       0 |   0.0 |      17 |       0 |   0.0
        D:3 |     187 |       2 |   1.1 |      26 |       1 |   3.7
        D:4 |     571 |     274 |  32.4 |      17 |       2 |  10.5
        D:5 |     904 |     322 |  26.3 |      17 |       7 |  29.2
        D:6 |     933 |     196 |  17.4 |      28 |       2 |   6.7
        D:7 |    2148 |     412 |  16.1 |      36 |       1 |   2.7
        D:8 |    2012 |     238 |  10.6 |      28 |       2 |   6.7
        D:9 |    2660 |    2889 |  52.1 |      37 |      25 |  40.3
       D:10 |    2688 |    4110 |  60.5 |      21 |      20 |  48.8
     Lair:1 |    6313 |       0 |   0.0 |      23 |       0 |   0.0
      Sewer |       0 |     183 | 100.0 |       0 |      18 | 100.0
   Gauntlet |       0 |     809 | 100.0 |       0 |       2 | 100.0
            +---------+---------+-------+---------+---------+-------
